 Dungeon Crawl Stone Soup version 0.22.0-5-gf09313c (webtiles) character file.

165 Gorglomux the Chopper (level 5, 3/42 HPs)
             Began as a Formicid Gladiator on Aug 13, 2018.
             Quit the game on level 2 of the Dungeon.
             The game lasted 00:00:59 (2153 turns).

Gorglomux the Chopper (Formicid Gladiator)          Turns: 2153, Time: 00:00:59

Health: 3/42       AC:  3    Str: 19    XL:     5   Next: 74%
Magic:  5/5        EV: 18    Int:  8    God:
Gold:   47         SH:  0    Dex: 17    Spells: 4/4 levels left

rFire    . . .     SeeInvis +   a - +0 war axe
rCold    . . .     Gourm    .   (no shield)
rNeg     . . .     Faith    .   b - +0 leather armour
rPois    .         Spirit   .   (helmet unavailable)
rElec    .         Reflect  .   T - scarf {cloud immunity}
rCorr    .         Harm     .   (no gloves)
MR       .....                  (no boots)
Stlth    ++........             (no amulet)
HPRegen  0.14/turn              s - ring of see invisible
MPRegen  0.09/turn              (no ring)

@: agile, lethally poisoned (3 -> -3)
A: permanent stasis, dig shafts and tunnels, four strong arms, antennae 3
a: Dig, Shaft Self


You were on level 2 of the Dungeon.
You were not hungry.

You visited 1 branch of the dungeon, and saw 2 of its levels.

You collected 47 gold pieces.

Inventory:

Hand Weapons
 a - a +0 war axe (weapon)
Missiles
 Z - 3 throwing nets (quivered)
Armour
 b - a +0 leather armour (worn)
 T - a scarf of cloud immunity (worn)
Jewellery
 s - a ring of see invisible (left hand)
Scrolls
 P - a scroll of remove curse {unknown}
 R - 2 scrolls of enchant armour {unknown}
 U - a scroll of random uselessness {unknown}
 V - 2 scrolls of identify {unknown}
 X - 4 scrolls of immolation {unknown}
 Y - a scroll of teleportation {unknown}
Comestibles
 d - 4 rations
 Q - 2 chunks of flesh


   Skills:
 + Level 3.9 Fighting
 + Level 4.2 Axes
 - Level 2.0 Throwing
 + Level 2.9 Armour
 - Level 2.6 Dodging


You had 4 spell levels left.
You didn't know any spells.
Your spell library was empty.

Dungeon Overview and Level Annotations

Branches:
Dungeon (2/15)

Altars:
Gozag
Trog


Innate Abilities, Weirdness & Mutations

You cannot be hasted, slowed, berserked, paralysed or teleported.
You can dig through walls and to a lower floor.
Your four strong arms can wield two-handed weapons with a shield.
You have a pair of large antennae on your head. (SInv)


Message History

There are monsters nearby!!!
Unknown command!
The hobgoblin closely misses you!
The adder bites you but does butt damage!
The adder bites you but does no damage!
You feel sick!
It was a potion of haste!
Your stasis prevents you from being hasted!
You feel sick!
The hobgoblin hits you with a mace! * * * don't die
* * * The butt bites you! * * * don't die
* * *
Okay, then!
It was a potion of agility!
You feel agile all of a sudden! * * * don't die
* * * You feel sick!
The kobold throws a stone!
The stone barely misses you! The hobgoblin misses you!
The adder barely misses you!
Unknown command!
Are you sure you want to abandon this character and quit the game? (Confirm with "yes"!)

...#..##.#####...#.
.....<.............
......#........<#.#
#. ...
#.###...#..#####..#
#. #.# #.##..####.#
#..## #.#
#.###.#K..#
#.####.### #..
#.##.S...#
#((....)..
#.##.#..g#.##
######.##.
#.......S@.# #.###
#####......#### #.#
# #...........##
##.# #
#....##.###..#
##..# # #...# #.#
##.# #..## # #...
#)# #.# #####.##
### ### #.####
#......#
#....###......#
####...#......#


You could see 2 adders, a hobgoblin and a kobold.

Vanquished Creatures
  A bullfrog (D:2)
  5 adders (D:2)
  An ooze (D:1)
  4 dart slugs
  2 leopard geckos (D:2)
  3 bats
  6 giant cockroaches
  4 hobgoblins
  A quokka (D:2)
  2 frilled lizards
  8 goblins
  2 kobolds (D:1)
  6 rats
45 creatures vanquished.

Notes
Turn   | Place    | Note
-------+----------+-------------------------------------------
     0 | D:1      | Gorglomux the Formicid Gladiator began the quest for the Orb.
     0 | D:1      | Reached XP level 1. HP: 16/16 MP: 1/1
   284 | D:1      | Reached XP level 2. HP: 12/23 MP: 2/2
   418 | D:1      | Reached skill level 1 in Armour
   559 | D:1      | Reached XP level 3. HP: 26/28 MP: 3/3
   814 | D:2      | Reached skill level 3 in Fighting
   917 | D:2      | Reached XP level 4. HP: 6/35 MP: 4/4
  1204 | D:2      | Found a bloodstained altar of Trog.
  1204 | D:2      | Found an opulent altar of Gozag.
  1367 | D:2      | Noticed a bullfrog
  1377 | D:2      | Killed a bullfrog
  1377 | D:2      | Reached skill level 4 in Axes
  1377 | D:2      | Reached XP level 5. HP: 18/42 MP: 5/5
  2153 | D:2      | Quit the game

Skill      XL: |  1  2  3  4 |
---------------+-------------+-----
Armour         | 1 2 |  2.9
Fighting       | 3 |  3.9
Axes           | 4 |  4.2
Throwing       | |  2.0
Dodging        | |  2.6

Action                   |  1- 3 |  4- 6 || total
-------------------------+-------+-------++-------
Melee: War axe           |    75 |   105 ||   180
  Use: Potion            |       |     3 ||     3
 Stab: Sleeping          |     1 |       ||     1
  Eat: Chunk             |       |     4 ||     4
Armor: Leather armour    |    26 |    25 ||    51
Dodge: Dodged            |    64 |    83 ||   147
